 Dungeon Crawl Stone Soup version 0.13-a0-2496-g11650dd (webtiles) character file.

208 Gabry the Shield-Bearer (level 4, -2/40 HPs)
             Began as a Hill Orc Fighter on July 22, 2013.
             Shot with an arrow by a centaur (8 damage)
             ... on Level 5 of the Dungeon.
             The game lasted 00:14:59 (1837 turns).

Gabry the Shield-Bearer (Hill Orc Fighter)          Turns: 1837, Time: 00:15:00

HP  -2/40        AC 11     Str 18      XL: 4   Next: 85%
MP   3/3         EV  6     Int  8      God:
Gold 101         SH 20     Dex 14      Spells:  0 memorised,  3 levels left

Res.Fire  : . . .   See Invis. : .   j - +1,+3 dwarf short sword (holy)
Res.Cold  : . . .   Warding    : .   b - +0 orc scale mail
Life Prot.: . . .   Conserve   : .   c - +0 orc shield
Res.Poison: .       Res.Corr.  : .   p - +1 dwarf helmet
Res.Elec. : .       Clarity    : .   (no cloak)
Sust.Abil.: . .     Spirit.Shd : .   y - +0 pair of gloves {Dex+3}
Res.Mut.  : .       Stasis     : .   (no boots)
Res.Rott. : .       Flight     : .   (no amulet)
Saprovore : + . .                    (no ring)
                                     e - cursed ring of hunger

@: slightly resistant to hostile enchantments, extremely unstealthy
A: saprovore 1
a: no special abilities


You were on level 5 of the Dungeon.
You were not hungry.

You visited 1 branch of the dungeon, and saw 5 of its levels.

You collected 154 gold pieces.
You spent 73 gold pieces at shops.

Inventory:

Hand weapons
 a - a +0,+0 orcish mace
 g - a +0,+0 hand axe
 i - a +0,+0 short sword
 j - a +1,+3 dwarven short sword of holy wrath (weapon)
 k - a +0,+0 dwarven dagger
 m - a +0,+0 elven dagger of speed (quivered)
 q - a +0,+1 dwarven dagger
 t - a +0,+0 short sword
Armour
 b - a +0 orcish scale mail (worn)
 c - a +0 orcish shield (worn)
 h - a +0 leather armour
 n - a +0 ring mail
 p - a +1 dwarven helmet (worn)
 u - a +0 scale mail
 v - a +0 pair of gloves
 y - a +0 pair of gloves of dexterity (worn)
Comestibles
 d - a meat ration
Scrolls
 o - a scroll of identify
 r - a scroll of fog {unknown}
 x - a scroll of magic mapping {unknown}
Jewellery
 e - a cursed ring of hunger (left hand)
 w - an uncursed ring of protection from fire {unknown}
Potions
 f - a potion of restore abilities
 l - 2 potions of curing
 s - a potion of agility {unknown}


   Skills:
 + Level 4.3 Fighting
 + Level 0.4 Short Blades
 + Level 2.5 Maces & Flails
 + Level 3.9 Armour
 + Level 1.1 Dodging
 + Level 4.3 Shields


You had 3 spell levels left.
You didn't know any spells.

Dungeon Overview and Level Annotations

Branches:
Dungeon (5/27)
 Temple: D:4-7

Altars:

Shops:
D:5: [


Innate Abilities, Weirdness & Mutations

You can tolerate rotten meat.


Message History

The centaur shouts!
The centaur wields a bow.
The centaur shoots an arrow.
The arrow hits you!
The centaur shoots an arrow.
The arrow hits you!
* * * LOW HITPOINT WARNING * * *
The centaur shoots an arrow.
You block the arrow.
Found a scroll labeled DYTUGU MIOMURE.
You see here an arrow.
The centaur shoots an arrow.
The arrow hits you!
* * * LOW HITPOINT WARNING * * *
You see here an arrow.
The centaur shoots an arrow.
The arrow hits you!
* * * LOW HITPOINT WARNING * * *
You see here an arrow.
The centaur shoots an arrow.
The arrow hits you!
* * * LOW HITPOINT WARNING * * *
Items here: %%% ( ))
You see here 6 bolts.
You see here a goblin corpse.
The centaur shoots an arrow.
The arrow hits you!
You die...

#######################....
.............>.............
#########........############..∩.
....c(a((.....%..# #####
....#####........# !...
#.##.##### .... #.##.####### ....
#.##.......# ...? #(##....@.<#
#### #c##..a....# #.##.......#
#######.##c......#
..........%..........
#######.##.######### ........
###.##.### #.##.#


You could see a centaur and a worker ant.

Vanquished Creatures
  3 adders
  A giant mite (D:1)
  An inept item mimic (D:5)
  2 worms (D:2)
  A giant gecko (D:2)
  3 orcs (D:5)
  5 hobgoblins
  10 jackals (D:1)
  6 kobolds
  2 quokkas (D:2)
  2 bats
  2 giant newts
  4 goblins
  3 rats
45 creatures vanquished.

Notes
Turn   | Place    | Note
--------------------------------------------------------------
     0 | D:1      | Gabry, the Hill Orc Fighter, began the quest for the Orb.
     0 | D:1      | Reached XP level 1. HP: 19/19 MP: 0/0
   128 | D:1      | Reached XP level 2. HP: 20/26 MP: 1/1
   454 | D:1      | Reached XP level 3. HP: 30/33 MP: 2/2
   474 | D:1      | Reached skill level 4 in Shields
   995 | D:2      | Reached XP level 4. HP: 31/40 MP: 3/3
  1473 | D:3      | Reached skill level 1 in Dodging
  1579 | D:4      | Noticed an ogre
  1634 | D:5      | Entered Level 5 of the Dungeon
  1634 | D:5      | Found Yzxaeq's Armour Shoppe.
  1739 | D:5      | Bought a +0 pair of gloves of dexterity for 73 gold pieces
  1817 | D:5      | Noticed a centaur
  1837 | D:5      | Shot with an arrow by a centaur

Action                   |  1- 3 |  4- 6 || total
-------------------------+-------+-------++-------
Melee: Mace              |    80 |       ||    80
       Dagger            |    80 |    68 ||   148
       Short sword       |       |    47 ||    47
  Use: Scroll            |     2 |     3 ||     5
       Potion            |     2 |       ||     2
